[Event "14th BPB Limburg Open 2022"]
[Site "Maastricht"]
[Date "2022.06.05"]
[Round "5.2"]
[White "Gurevich, Mikhail"]
[Black "Donchenko, Alexander"]
[Result "0-1"]
[ECO "A28"]
[WhiteElo "2573"]
[BlackElo "2599"]
[Annotator "TA"]
[PlyCount "122"]
[EventDate "2022.06.03"]
[EventType "swiss"]
[EventCountry "NED"]
[SourceTitle "playchess.com"]
[Source "ChessBase"]
[SourceQuality "1"]
[TimeControl "7200+15"]

1. c4 Nf6 2. Nc3 e5 3. Nf3 Nc6 4. a3 d5 5. cxd5 Nxd5 6. Qc2 Nxc3 7. bxc3 {[%emt 0:00:38] A28: English Opening: Four Knights Variation.} Bd6 8. g3 O-O 9. Bg2 {[%emt 0:00:04] The position is equal.} Re8 (9... f5 {with more complications.} 10. O-O Qe7 11. d3 f4) 10. d3 Bf5 11. e4 Be6 {[%emt 0:01:23] [#]} 12. Ng5 $146 ({Predecessor:} 12. O-O Bc5 13. Be3 Bxe3 14. fxe3 Na5 15. d4 Nc4 16. Rfe1 c6 17. a4 Qf6 18. Qe2 {0-1 (33) Raphael,A-Hoppe,A freechess.de 2021}) 12... Bd7 13. O-O h6 14. Nf3 Na5 15. d4 Qe7 16. Nxe5 Bxe5 17. dxe5 Qxe5 18. Bf4 Qc5 19. Qb2 Qb5 20. Qc2 c5 21. Rfd1 Qa4 22. Qe2 Bf5 23. f3 (23. Re1 $15) 23... Be6 $1 $17 24. Qe3 Bb3 25. Rd3 b6 26. Bh3 Nc4 27. Qc1 Ne5 {[%emt 0:01:22] Prevents Bd7.} (27... Rad8 $17 28. Bxh6 f6 29. Be6+ Kh7 30. Bf5+ (30. Rxd8 Rxd8 31. Bf5+ Kg8 $17) 30... Kh8 31. Rxd8 Rxd8) 28. Bxe5 $11 Rxe5 29. Qd2 Re7 (29... Rf8 $11) 30. Rd6 (30. Bd7 $14 Qa6 31. a4) 30... Rf8 31. Bf5 Be6 32. g4 b5 33. Kh1 a5 34. Rg1 Qxa3 35. g5 $1 Qa2 $1 36. Qf4 ({Only move:} 36. gxh6 $11 Qxd2 37. Rxg7+ Kh8 38. Rh7+ (38. Rxd2 Bxf5 39. exf5 a4 $17) 38... Kg8 39. Rg7+ (39. Rxd2 Bxf5 40. Rg7+ Kh8 $17) 39... Kh8 40. Rh7+ (40. Rxd2 Bxf5 41. exf5 a4 $17) 40... Kg8 41. Rg7+ (41. Rxd2 Bxf5 42. Rg7+ Kh8 $17)) 36... h5 $17 {[%emt 0:04:07] aiming for ...Qc4.} 37. g6 fxg6 38. Qg5 {[%emt 0:00:32][%mdl 8192] [#]} (38. Rd2 $17 Qc4 39. Qg5 Bxf5 40. Qxe7) 38... Bxf5 $1 $19 39. Qxe7 (39. exf5 Qe2) 39... Qe2 40. Rd8 Qxf3+ 41. Rg2 Bg4 42. Rxf8+ Qxf8 {[%emt 0:00:02] Dancing on a razor blade.} 43. Qxf8+ Kxf8 {[%emt 0:00:01][%mdl 4096] Endgame KR-KB} 44. Ra2 a4 45. c4 Be6 ({Inferior is} 45... bxc4 46. Rxa4 Be2 47. Ra5 $11) (45... Bf3+ $19 46. Kg1 b4 47. Rxa4 Bxe4) 46. Rf2+ $17 Ke7 47. cxb5 a3 48. Rf3 a2 49. Ra3 Kd6 50. Ra6+ Kc7 {[%emt 0:00:47] And now ...g5 would win.} 51. Kg2 $2 {[%emt 0:01:20][%mdl 8192] [#]} (51. e5 $17) 51... Bb3 $2 (51... g5 $1 $19 {is more deadly.} 52. Rc6+ Kb7) 52. Kf2 $2 {[%emt 0:00:18][%mdl 8192] [#]} (52. e5 $17) 52... g5 $1 $19 53. Ke3 g4 {[%emt 0:00:11] Strongly threatening ...h4.} 54. Kf4 c4 55. e5 c3 56. Ke3 h4 {[%emt 0:00:14][%cal Bh5h4,Bh4h3,Bh3h2][%mdl 32] ( -> ...c2)} 57. Kd3 c2 {[%emt 0:00:10] Black mates.} 58. Kd2 g3 59. hxg3 h3 60. e6 h2 61. e7 Kd7 {[%emt 0:00:14] Weighted Error Value: White=0.67/Black=0.23 (precise)} 0-1

[Event "14th BPB Limburg Open 2022"]
[Site "Maastricht"]
[Date "2022.06.05"]
[Round "5.3"]
[White "Schroer, Marcel"]
[Black "Van Foreest, Lucas"]
[Result "0-1"]
[ECO "D02"]
[WhiteElo "2093"]
[BlackElo "2572"]
[Annotator "TA"]
[PlyCount "112"]
[EventDate "2022.06.03"]
[EventType "swiss"]
[EventCountry "NED"]
[SourceTitle "playchess.com"]
[Source "ChessBase"]
[SourceQuality "1"]
[TimeControl "7200+15"]

1. d4 d5 2. Nf3 e6 3. g3 b6 4. Bg2 Bb7 5. O-O Nd7 6. c4 {[%emt 0:00:00] D02: 1 d4 d5 2 Nf3 sidelines, including 2...Nf6 3 g3 and 2...Nf6 3 Bf4.} dxc4 7. Qa4 a6 8. Qxc4 {[%emt 0:00:00][%cal Oe2e4] The position is equal.} b5 9. Qd3 Ngf6 10. Bg5 c5 {[%emt 0:00:00] [#]} 11. dxc5 $146 ({Predecessor:} 11. a4 c4 12. Qc2 Be7 13. Nbd2 h6 14. Bxf6 Nxf6 15. b3 cxb3 16. Qxb3 b4 17. Rfc1 {0-1 (56) Podzielny,K (2385)-Hort,V (2575) Germany 1981}) 11... Nxc5 (11... Bxc5 {looks sharper.} 12. a4 O-O 13. Bxf6 Nxf6 14. Qxd8 Rfxd8 15. Ne5 Rab8) 12. Qxd8+ Rxd8 13. Nc3 b4 14. Bxf6 gxf6 15. Nd1 Bh6 16. Ne3 Bxe3 17. fxe3 Na4 18. Nd4 Bxg2 19. Kxg2 Nxb2 20. Nc6 Rd6 21. Nxb4 a5 $36 {[%emt 0:00:00][%mdl 2048] Black fights for an advantage.} 22. Rab1 Nc4 23. Nc2 ({White should play} 23. Rfc1 $11 Nd2 24. Rc8+ Rd8 25. Rxd8+ Kxd8 26. Rd1 axb4 27. Rxd2+ Kc7 28. Rb2) 23... O-O $15 24. Rfd1 Rxd1 25. Rxd1 {[%emt 0:00:00][%mdl 4096] Endgame KRN-KRN} Rc8 26. h3 Ne5 (26... Nb2 $17 27. Rd2 Rc3) 27. Ne1 (27. Nd4 $15) 27... Rc3 $17 28. Kf2 {[%emt 0:00:00] [#]} Ra3 $1 29. Ra1 Nc4 {[%emt 0:00:00] Black is more active.} 30. Nd3 {[%emt 0:00:00] [#]} Nd2 $1 31. h4 f5 32. Kg2 (32. Rg1 $17) 32... Kg7 33. Kf2 Kf6 34. Kg2 (34. Rg1 {is a better defense.}) 34... a4 $19 35. Kf2 Ne4+ (35... Nb3 $142 36. Rd1 Rxa2) 36. Kg2 (36. Kf3 {is the only way for White.}) 36... Nd2 37. Kf2 Nb3 38. axb3 Rxa1 39. bxa4 Rxa4 {[%emt 0:00:00] KR-KN} 40. Ne1 h6 41. Ng2 Ke5 42. Nf4 Ke4 {[%emt 0:00:00] Threatens to win with ...e5.} 43. Nh5 Rc4 44. Nf6+ Ke5 45. Nh5 Ra4 46. Nf4 Kd6 47. Nh3 (47. Kf3 $142) 47... e5 48. Ng1 f6 49. Nf3 Kd5 50. Ng1 Ke4 {[%emt 0:00:00] White must now prevent ...Ra3.} 51. Nf3 Ra2 52. Ne1 $2 (52. Nh2) 52... Ra3 53. Nd3 Rxd3 {[%emt 0:00:00] Black mates.} 54. exd3+ Kxd3 55. Kf3 h5 56. Kf2 e4 {[%emt 0:00:00] Weighted Error Value: White=0.44/Black=0.24 (precise)} 0-1

[Event "14th BPB Limburg Open 2022"]
[Site "Maastricht"]
[Date "2022.06.05"]
[Round "5.4"]
[White "Lahaye, Rick"]
[Black "Dardha, Daniel"]
[Result "0-1"]
[ECO "A10"]
[WhiteElo "2410"]
[BlackElo "2561"]
[Annotator "TA"]
[PlyCount "132"]
[EventDate "2022.06.03"]
[EventType "swiss"]
[EventCountry "NED"]
[SourceTitle "playchess.com"]
[Source "ChessBase"]
[SourceQuality "1"]
[TimeControl "7200+15"]

1. c4 d6 2. e3 e5 3. a3 g6 4. b4 Bg7 5. Bb2 f5 6. d4 {[%emt 0:01:20] [#] A10: English Opening: Unusual Replies for Black.} Qe7 $146 ({Predecessor:} 6... e4 7. Nc3 Nf6 8. Nh3 O-O 9. Nf4 g5 10. Nfe2 Nc6 11. h4 h6 12. hxg5 hxg5 {1-0 (45) Gorshtein,I (2372)-Bronstein,O (2427) Ramat Gan 2020}) 7. Be2 Nh6 8. Nc3 {[%emt 0:07:38] White has an edge.} Nd7 9. c5 Nf6 {[%emt 0:03:34] Inhibits Nd5.} 10. cxd6 cxd6 11. Bb5+ Kf8 (11... Bd7 $11) 12. dxe5 $16 dxe5 13. Bc4 Be6 14. Bxe6 Qxe6 15. Nb5 {[%emt 0:00:06] Black must now prevent Nc7.} (15. Nf3 {is interesting.} Nf7 16. O-O Ke7 17. e4) 15... Rc8 {[%emt 0:18:15] Inhibits Nc7.} (15... Nd5 $11 {keeps the balance.}) 16. Nf3 Nf7 17. Nxa7 Rd8 18. Qc2 Ne4 19. O-O Bf6 20. Nb5 Rc8 21. Qe2 Kg7 22. Rac1 Qb3 23. Rc7 ({Better is} 23. Rfd1 $14) 23... Rxc7 $11 24. Nxc7 Rd8 25. Ba1 (25. h3 $5 ) 25... Kg8 {[%emt 0:02:25][%mdl 1024] Black has compensation.} 26. Qb5 {[%emt 0:03:05][%csl LRb7,LRe5] [#]} Ned6 (26... Nxf2 $1 $15 27. Kxf2 Qc2+ 28. Kg1 Qxc7) 27. Qc5 Ne4 28. Qb5 {[%emt 0:00:10][%cal Rf3e5] [#]} Ned6 (28... Nxf2 $1 $15 {was preferrable.} 29. Kxf2 Qc2+ 30. Kg1 Qxc7) 29. Qd5 Qc4 $132 {[%emt 0:00:18][%mdl 2048] Black is not holding back} 30. Qxc4 Nxc4 31. Nb5 Ra8 (31... Rd3 $5 ) 32. Bc3 Kg7 33. Ra1 Rc8 34. a4 g5 35. a5 g4 36. Nd2 Nfd6 (36... Ncd6 $1 $11 37. Nxd6 Nxd6) 37. Nxc4 $4 (37. Na7 $1 $14 {keeps the upper hand.} Rc7 38. Nb3) 37... Nxb5 $19 38. a6 bxa6 ({Don't do} 38... Nxc3 39. a7 $1 $18) (38... Rxc4 $2 39. axb7 Rxc3 40. b8=Q $18) 39. Bxe5 Rxc4 40. Bxf6+ Kxf6 41. Rxa6+ {[%emt 0:00:02][%mdl 4096] Endgame KRN-KR} Kg5 42. h3 Rxb4 43. hxg4 fxg4 44. Rc6 {[%emt 0:00:28] [#]} Rb3 (44... g3 $1 $19 {( -> ...Rb1+)} 45. fxg3 Na3 46. Rc5+ Kg4) 45. Rc5+ $15 Kg6 46. Rc6+ Kg7 47. Rc4 h5 {[%emt 0:00:07] And now ...Nd6 would win.} 48. Rc5 Kg6 {[%emt 0:00:13] ...Nd6 is the strong threat.} 49. Rc6+ Kg7 50. Rc5 Nd6 {[%emt 0:00:27] Hoping for ...Rb5.} 51. Rxh5 Ne4 {[%emt 0:00:06] Inhibits Rg5+.} 52. Rf5 Kg6 53. Rf4 Nf6 54. Kh2 Rb1 55. Rc4 Kg5 56. Rc5+ Kg6 {[%emt 0:00:01][%cal Og4g3] Threatens to win with ...g3+!} 57. Rc4 Rb5 58. f3 Kg5 59. Rc3 Kh4 60. Rc4 Rb3 61. g3+ Kg5 62. Rc5+ Kg6 63. fxg4 Rb2+ 64. Kg1 Nxg4 65. Rc6+ Kf5 66. Rc4 $2 (66. Kf1 $15) 66... Rb1+ {[%emt 0:00:02] Weighted Error Value: White=0.17 (very precise) /Black=0.21 (precise)} 0-1

[Event "14th BPB Limburg Open 2022"]
[Site "Maastricht"]
[Date "2022.06.05"]
[Round "5.5"]
[White "Strating, Sybolt"]
[Black "Ernst, Sipke"]
[Result "0-1"]
[ECO "E62"]
[WhiteElo "2295"]
[BlackElo "2547"]
[Annotator "TA"]
[PlyCount "126"]
[EventDate "2022.06.03"]
[EventType "swiss"]
[EventCountry "NED"]
[SourceTitle "playchess.com"]
[Source "ChessBase"]
[SourceQuality "1"]
[TimeControl "7200+15"]

1. d4 g6 2. Nf3 Bg7 3. c4 Nf6 4. Nc3 O-O 5. g3 d6 6. Bg2 c6 7. O-O Bf5 8. b3 Ne4 9. Bb2 Qc8 10. Re1 Nxc3 {[%emt 0:03:36] E62: King's Indian: Fianchetto: 6...c6 and Panno Variation (6...Nc6) without ...a6.} 11. Bxc3 Be4 12. Qd2 Nd7 {[%emt 0:11:00] White is slightly better.} 13. Bh3 Bxf3 14. exf3 {[%emt 0:00:07] [#]} Re8 $146 ({Predecessor:} 14... e6 15. Bb4 Qc7 16. Rad1 a5 17. Bc3 Nf6 18. f4 d5 19. Bg2 Ra6 20. a4 Raa8 {½-½ (42) Liebert,H (2316)-Heinrich,M (2137) Germany 2001}) 15. Re3 Qd8 16. f4 d5 17. cxd5 cxd5 18. Ba5 b6 19. Bc3 e6 20. Bf1 Nf6 21. Bb2 Ne4 22. Qd1 Rc8 23. Bd3 Nd6 24. Re2 (24. Ba6 $5 ) 24... b5 25. a4 bxa4 26. Rxa4 Qb6 27. Ba3 a5 28. Bc5 Rxc5 29. dxc5 Qxc5 30. Rc2 Bc3 31. Qc1 Rc8 32. Kg2 d4 {[%emt 0:00:45][%mdl 1024] Black has compensation.} 33. f3 Qd5 34. Ra3 Rc7 {[%emt 0:01:40] Black is more active.} 35. g4 Rc5 36. Qf1 (36. Ra1 $15) 36... Qc6 (36... Ne8 $142 37. Be4 Qd6) 37. Qe2 {[%emt 0:02:03] [#]} (37. Ra4 $142) 37... Qc7 (37... Ne8 $1 $17 {Hoping for ...Nf6.} 38. Qe4 Qc8) 38. Qd1 (38. Ra4 $15) 38... Kf8 ({Black should play} 38... Nc8 $19 39. f5 exf5 40. gxf5 Ne7) 39. h4 {[%emt 0:00:23] [#]} ({White should try} 39. Qc1 $15) 39... Ne8 (39... Nc8 $1 $19 40. Bc4 Nb6) 40. Qc1 Nf6 {[%emt 0:01:08] Strongly threatening ...Nd5.} 41. Bc4 Bb4 42. Raa2 Qd6 43. Kg3 $2 (43. f5 $17) 43... h5 (43... d3 $19 {is more deadly.} 44. Rd2 (44. Bxd3 $2 Qxd3 45. Rxc5 Ne4+ 46. Kg2 Nxc5 $19) 44... Qd4) 44. g5 $17 Ne8 45. Re2 $2 (45. Bd3 $17 Bc3 46. Ra4) 45... d3 $19 46. Re3 (46. Red2 $142 Ng7 47. Qa1 Nf5+ 48. Kg2 Ne3+ 49. Kf2 Nxc4 50. Qh8+ Ke7 51. Qf6+ Ke8 52. Qh8+ Kd7 53. bxc4) 46... Ng7 {[%emt 0:00:29] Threatens to win with ...Nf5+.} 47. Re4 Nf5+ 48. Kh3 d2 49. Qd1 Kg8 50. Ra1 Qd7 {[%emt 0:03:33] White must now prevent ...Nd6.} 51. Qe2 Kh7 {[%emt 0:01:08] And now ...Nd6 would win.} 52. Rd1 Rc7 53. Re5 $2 (53. Bb5 {keeps fighting.} Qd6 54. Bc4) 53... Bc3 54. Re4 Bb4 $2 (54... Rb7 55. Qf1 Kg8) 55. Re5 Qd4 56. Re4 Qc3 57. Qf2 a4 58. Be2 Bc5 59. Qf1 Ne3 60. Rxe3 Qxe3 61. bxa4 Qxf4 {[%emt 0:00:02] Black mates.} 62. a5 Bd6 63. Qg2 Qf5+ {[%emt 0:00:02] Weighted Error Value: White=0.70/Black=0.32} (63... Rc3 $142 64. Rg1 Qf5+ 65. Qg4 hxg4+ 66. Kg2 gxf3+ 67. Kf2 Qc5+ 68. Kf1 Rc1+ 69. Bd1 Rxd1#) 0-1

[Event "14th BPB Limburg Open 2022"]
[Site "Maastricht"]
[Date "2022.06.05"]
[Round "5.6"]
[White "Van Dael, Siem"]
[Black "Zwirs, Nico"]
[Result "0-1"]
[ECO "B90"]
[WhiteElo "2342"]
[BlackElo "2468"]
[Annotator "TA"]
[PlyCount "70"]
[EventDate "2022.06.03"]
[EventType "swiss"]
[EventCountry "NED"]
[SourceTitle "playchess.com"]
[Source "ChessBase"]
[SourceQuality "1"]
[TimeControl "7200+15"]

1. e4 c5 2. Nf3 d6 3. d4 cxd4 4. Nxd4 Nf6 5. Nc3 a6 6. Be3 e5 7. Nb3 Be6 8. f3 Be7 9. Qd2 Nbd7 10. g4 O-O 11. O-O-O b5 12. g5 Nh5 13. Kb1 {[%emt 0:03:34] B90: Sicilian Najdorf: Unusual White 6th moves, 6 Be3 Ng4 and 6 Be3 e5.} Nb6 14. Na5 {[%emt 0:07:20] Hoping for Nc6.} Rc8 {[%emt 0:00:38][%cal Oh5f4] Prevents Nc6.} 15. Nd5 {[%emt 0:02:35] White has an edge. Nowadays more popular than 15.a3.} ({Much weaker is} 15. Nb7 Qc7 16. Na5 (16. Nxd6 $2 Rcd8 $19) 16... f5 $15) 15... Nxd5 16. exd5 Bxd5 17. Qxd5 {[%emt 0:00:04] Threatens to win with Nc6.} Qxa5 18. Bd3 g6 19. h4 Qc7 20. Rhg1 {[%emt 0:09:37] [#]} Rfe8 $146 ({Predecessor:} 20... Rb8 21. Be4 {½-½ (21) Zhigalko,S (2647)-Borovikov,V (2599) Alushta 2010}) 21. Rg4 Bf8 22. a4 Nf4 23. Bxf4 exf4 24. Rxf4 Re5 25. Qb3 d5 26. Rf6 bxa4 27. Qxa4 Rb8 {[%emt 0:11:49][%cal Oe5e1,Bc8b8,Bb8b2,Bb2c2][%mdl 32] And now ...Re1! would win.} 28. Qxa6 $2 {[%emt 0:31:11] [#] Loses the game.} (28. Rxa6 $11 {and White stays safe.} Qc3 29. Bb5 Qxf3 30. Rf1) 28... Bg7 $1 $40 {[%emt 0:21:51][%mdl 128] Black is out for blood.} 29. Rc6 $2 {[%emt 0:08:00] [#]} (29. Qd6 Re7 30. Qxc7 (30. Qxd5 $2 Bxf6 31. gxf6 Ree8 $19) 30... Rxc7 31. Ra6 Rxb2+ 32. Kc1) 29... Re1 $1 30. Rxe1 (30. Rxc7 $2 {gets mated.} Rxd1+ 31. Ka2 Rxb2+ 32. Ka3 Ra1#) (30. c3 $19 Rxd1+ 31. Kc2 Qh2+ 32. Kxd1 Rxb2 33. Rc8+ Bf8 34. Be2 Qh1+ 35. Bf1 Qxf3+ 36. Kc1) 30... Rxb2+ {[%emt 0:00:33] Black mates.} 31. Ka1 Rxc2+ {[%emt 0:09:54][%mdl 64] Discovered Attack} 32. Kb1 Rb2+ 33. Ka1 Re2+ {[%emt 0:00:36][%mdl 64] Discovered Attack} 34. Kb1 Rxe1+ 35. Kc2 Qh2+ {[%emt 0:00:06] Weighted Error Value: White=0.65/Black=0.01 (flawless)} 0-1

[Event "14th BPB Limburg Open 2022"]
[Site "Maastricht"]
[Date "2022.06.05"]
[Round "5.7"]
[White "Braun, Christian"]
[Black "Van Roon, Sjoerd"]
[Result "1/2-1/2"]
[ECO "A04"]
[WhiteElo "2426"]
[BlackElo "2264"]
[Annotator "TA"]
[PlyCount "55"]
[EventDate "2022.06.03"]
[EventType "swiss"]
[EventCountry "NED"]
[SourceTitle "playchess.com"]
[Source "ChessBase"]
[SourceQuality "1"]
[TimeControl "7200+15"]

1. Nf3 Nf6 2. g3 b6 3. d3 Bb7 4. e4 g6 5. Bg2 Bg7 6. O-O O-O 7. Re1 d6 8. Nbd2 c5 9. a4 Nc6 {[%emt 0:01:33] A04: Unusual lines after 1 Nf3 and King's Indian Attack.} 10. Nc4 e5 {[%emt 0:02:29] [#]} 11. Bg5 $146 ({Predecessor:} 11. h3 Qc7 12. c3 Ba6 13. Be3 Rab8 14. Na3 Rfe8 15. Nb5 Qd7 16. Qc2 Bb7 17. Rad1 {1-0 (41) Fabregas,O (1922)-Nergard,O (1507) Reykjavik 2019}) 11... h6 12. Bxf6 Qxf6 13. Ne3 Rae8 14. h4 h5 15. c3 Ne7 16. Qb3 Rd8 17. Nd2 Ba6 18. Ndc4 Bh6 19. Rad1 Qe6 20. Kh2 (20. Nd2 $15) 20... Bxe3 21. Rxe3 d5 22. exd5 Nxd5 23. Bh3 ({White should try} 23. Ree1 $15) 23... Bxc4 24. dxc4 Nxe3 25. Bxe6 Nxd1 (25... Rxd1 $17 26. fxe3 Rd2+ 27. Kh3 fxe6) 26. Qc2 $11 {[%emt 0:00:06] [#] Intending Qxg6+ and mate. The position is equal.} fxe6 27. Qxg6+ Kh8 28. Qh6+ {[%emt 0:10:08] Weighted Error Value: White=0.14 (very precise) /Black=0.13 (very precise)} 1/2-1/2

[Event "14th BPB Limburg Open 2022"]
[Site "Maastricht"]
[Date "2022.06.05"]
[Round "5.8"]
[White "Suvorov, Alexander"]
[Black "De Boer, Bas"]
[Result "1/2-1/2"]
[ECO "D32"]
[WhiteElo "2365"]
[BlackElo "2155"]
[Annotator "TA"]
[PlyCount "34"]
[EventDate "2022.06.03"]
[EventType "swiss"]
[EventCountry "NED"]
[SourceTitle "playchess.com"]
[Source "ChessBase"]
[SourceQuality "1"]
[TimeControl "7200+15"]

1. d4 d5 2. c4 e6 3. Nc3 a6 4. cxd5 exd5 5. Bf4 Nf6 6. e3 c5 7. dxc5 Bxc5 8. Nf3 Nc6 9. Be2 {[%emt 0:02:14][%cal Bf1e2,Be2f3,Bf3b7][%mdl 32] D32: Tarrasch Defence: Sidelines and lines without g3.} O-O 10. O-O d4 11. exd4 Nxd4 12. Nxd4 Bxd4 13. Bf3 Qb6 14. Qb3 Qxb3 15. axb3 {[%emt 0:00:38] [#]} Bg4 $146 ({Predecessor:} 15... Be6 16. Bxb7 Ra7 17. Bf3 Bxb3 18. Ra3 Bc4 19. Rfa1 Rc8 20. Be2 Bxe2 21. Nxe2 Bc5 {0-1 (39) Rydzewski,P (1765)-Tamas,K (1885) Liptovsky Mikulas 2011}) 16. Bxb7 Ra7 17. Bc6 ({Much weaker is} 17. Bxa6 Bxc3 18. bxc3 Rfa8 $17) 17... Rc8 {[%emt 0:05:35] Not much happened in this game.  Weighted Error Value: White=0.03 (flawless) /Black=0.00 (flawless)} 1/2-1/2

[Event "14th BPB Limburg Open 2022"]
[Site "Maastricht"]
[Date "2022.06.05"]
[Round "5.9"]
[White "Kopylov, Daniel"]
[Black "Roorda, Thijs"]
[Result "1-0"]
[ECO "C02"]
[WhiteElo "2292"]
[BlackElo "2097"]
[Annotator "TA"]
[PlyCount "92"]
[EventDate "2022.06.03"]
[EventType "swiss"]
[EventCountry "NED"]
[SourceTitle "playchess.com"]
[Source "ChessBase"]
[SourceQuality "1"]
[TimeControl "7200+15"]

1. e4 e6 2. d4 d5 3. e5 c5 4. c3 Nc6 5. Nf3 Qb6 6. Na3 cxd4 7. cxd4 Bd7 8. Nc2 Rc8 {[%emt 0:00:20] C02: French: Advance Variation.} 9. Be2 Bb4+ 10. Kf1 {[%emt 0:06:02] [#]} Na5 $146 {[%emt 0:02:36][%cal Od7b5] The position is equal.} (10... Be7 $5 ) ({Predecessor:} 10... Bf8 11. g3 Nge7 12. Kg2 Na5 13. h4 h5 14. b3 Bb5 15. Bg5 Nf5 16. Rc1 Bxe2 17. Qxe2 {1-0 (52) Triapishko,A (2478)-Ibadov,D (2292) Taganrog 2017}) 11. g3 Ba4 12. b3 Bb5 13. Kg2 Nc6 14. Bxb5 Qxb5 15. a4 Qb6 16. Qd3 Nge7 17. Nxb4 (17. Qb5 $5 Bc3 18. Ra2 $11) 17... Nxb4 18. Qb5+ Nec6 (18... Qxb5 $2 19. axb5 Nd3 20. Bd2 $16) 19. Bd2 O-O (19... Nc2 $1 $11) 20. Rhc1 Na6 {[%emt 0:03:10] Prevents Rc5.} 21. b4 Ncxb4 22. Rxc8 Rxc8 23. Rc1 Rc6 {[%emt 0:07:06] White leaves nothing to chance now.} (23... Rb8 $11) 24. Rb1 $18 Nc2 25. Ba5 $40 {[%emt 0:01:15][%mdl 128] White wants a kill.} Nxd4 (25... Nc7 $142 26. Bxb6 Nxb5) 26. Qxb6 {[%emt 0:14:10][%mdl 64] Remove Defender} axb6 27. Nxd4 Rc4 28. Bxb6 {[%emt 0:00:05] Black must now prevent a5.} Rxa4 29. Rc1 f6 $2 (29... g5 30. Rb1 Nb4) 30. exf6 e5 31. Rc8+ Kf7 {[%emt 0:00:05] [#]} 32. fxg7 $1 Kxg7 33. Ne6+ Kf6 34. Nc5 Nxc5 (34... Rc4 35. f4 exf4 36. gxf4 h5) 35. Rxc5 {[%emt 0:00:11][%mdl 4096] Endgame KRB-KR. White is clearly winning.} Ra6 36. Bd8+ Ke6 37. Rc7 Rd6 38. Re7+ Kf6 39. Rd7+ Ke6 {[%emt 0:00:04] [#]} 40. Rxd6+ $1 Kxd6 {[%emt 0:00:03] KB-KP} 41. Kf3 b5 42. Ke3 Kc5 43. f4 d4+ 44. Kd3 Kd5 45. fxe5 Kxe5 46. Bb6 Kf5 {[%emt 0:00:03] Weighted Error Value: White=0.11 (very precise) /Black=0.49} 1-0

[Event "14th BPB Limburg Open 2022"]
[Site "Maastricht"]
[Date "2022.06.05"]
[Round "5.10"]
[White "Bodicky, Michal"]
[Black "Fischer, Daniel"]
[Result "0-1"]
[ECO "E15"]
[WhiteElo "2106"]
[BlackElo "2367"]
[Annotator "TA"]
[PlyCount "126"]
[EventDate "2022.06.03"]
[EventType "swiss"]
[EventCountry "NED"]
[SourceTitle "playchess.com"]
[Source "ChessBase"]
[SourceQuality "1"]
[TimeControl "7200+15"]

1. d4 Nf6 2. c4 e6 3. Nf3 b6 4. g3 Ba6 5. b3 Bb4+ 6. Bd2 Be7 7. Bg2 O-O 8. Ne5 d5 9. O-O Bb7 10. Bc3 Nbd7 11. Nd2 c5 12. cxd5 {[%emt 0:06:48] E15: Queen's Indian: 4 g3 sidelines, 4 g3 Ba6 and 4 g3 Bb7 early deviations.} (12. e3 $142) 12... Nxd5 $11 13. Bb2 Nxe5 14. dxe5 {[%emt 0:00:06] The position is equal.} Qc7 15. a3 b5 16. Qc2 {[%emt 0:02:29] [#]} Rac8 $146 ({Predecessor:} 16... Nb6 17. Ne4 Nd7 18. f4 f6 19. exf6 Nxf6 20. Nxf6+ gxf6 21. e4 Rac8 22. Qe2 f5 23. exf5 exf5 24. Qxb5 Bxg2 25. Kxg2 {1-0 (52) Haenisch,C (1893)-Ehrich,D (1679) Naumburg Saale 2014}) 17. Rac1 Qb8 18. Rfd1 c4 19. bxc4 bxc4 20. Ne4 {[%emt 0:06:58] Prevents c3.} ({Wrong is} 20. Nxc4 $2 Nb6 21. Bxb7 Rxc4 $19) 20... c3 (20... Rfd8 {keeps more tension.} 21. Nd6 Bxd6 22. exd6 c3) 21. Nxc3 Nxc3 (21... Ba8 {looks sharper.} 22. a4 Rfd8 23. Bf3 Bg5) 22. Bxc3 {[%emt 0:02:51] aiming for Rb1.} Bxg2 23. Kxg2 Bxa3 24. Rb1 Qc7 25. Rb3 Be7 26. Qe4 Rb8 {[%emt 0:05:34] Inhibits Qb7.} 27. Rdb1 {[%emt 0:03:49][%cal Oc3a5] Ba5! is the strong threat.} Rxb3 28. Rxb3 Rb8 29. Ba5 Qc8 30. Rc3 Qa6 31. Bc7 Rc8 32. Qc2 (32. Qf3 $11 {keeps the balance.}) 32... Bb4 $1 $17 33. Rc4 Qb5 34. e4 g6 35. Rd4 {[%emt 0:04:25] [#]} (35. Qb3 $17 {might work better.} a5 36. h3) 35... Ba5 $1 $19 36. Rc4 Bb6 {[%emt 0:01:06] Inhibits Rc5.} 37. Rc3 (37. Rc6 $142) 37... Bd4 $2 (37... Qa5 $19 {[%cal Rc8c7] and Black stays clearly on top.} 38. Qd3 Bxc7) 38. Rb3 ({Better is} 38. Rc4 Bxe5 39. Rc5 Rxc7 40. Rxb5 Rxc2 41. Rxe5) 38... Qd7 ({Weaker is} 38... Rxc7 39. Qxc7 Qxb3 40. Qd8+ Kg7 41. Qf6+ Kh6 42. Qh4+ Kg7 43. Qf6+ Kh6 44. Qh4+ Kg7 45. Qf6+ $11) 39. Rb8 Kg7 40. Bd6 Rxb8 ({Don't play} 40... Rxc2 $6 41. Bf8+ Kh8 42. Bc5+ Kg7 43. Bf8+ Kh8 44. Bc5+ Kg7 45. Bf8+ $11) 41. Bxb8 $17 {[%emt 0:00:03][%mdl 4096] Endgame KQB-KQB} Qb5 $36 {[%emt 0:04:59][%csl LRb8,LRe5][%mdl 2048] White is under strong pressure.} 42. Bd6 Bxe5 43. Ba3 Qb7 44. Kh3 (44. Bc5 $17) 44... h5 {[%emt 0:00:29] Strongly threatening ...Qa6.} 45. f4 (45. Qc5 $17 {keeps fighting.} Bf6 46. f4) 45... Bd4 $19 46. Qd3 (46. Qe2 {is a better defense.}) 46... e5 47. fxe5 Qc8+ 48. Kg2 Bxe5 49. Qd5 $2 (49. Bb4 {was the only chance.}) 49... Qc3 (49... Qc2+ $142 50. Kh3 Bf6) 50. Be7 $2 (50. Bb4 Qc2+ 51. Kf3) 50... Bf6 $2 (50... Bd4 {White must now prevent ...Qb2+.} 51. Bd6 a5) 51. Bc5 $2 (51. Bxf6+ Kxf6 52. Qd6+ Kg7 53. e5) 51... a5 52. Qd6 Qc4 53. e5 Qe4+ 54. Kg1 Qxe5 55. Qf8+ Kh7 56. Qxf7+ {[%emt 0:00:02] [#]} Bg7 $1 57. Be7 (57. Qa7 a4 58. Kg2) 57... a4 58. Kg2 Qb2+ 59. Kh3 Qd4 (59... Qb3 $142 60. Qxb3 axb3) 60. Kg2 Qd7 61. h4 a3 {[%emt 0:00:09] Black mates.} 62. g4 Qxg4+ 63. Kh2 Qd7 {[%emt 0:00:05] Weighted Error Value: White=0.79/Black=0.31} 0-1